 Dungeon Crawl Stone Soup version 0.18-a0-1225-g5d63bca (webtiles) character file.

32 M4edhros the Charlatan (level 3, 0/23 HPs)
             Began as an Octopode Artificer on Feb 3, 2016.
             Succumbed to poison (a potion of poison)
             ... on level 2 of the Dungeon.
             The game lasted 00:01:12 (597 turns).

M4edhros the Charlatan (Octopode Artificer)          Turns: 597, Time: 00:01:12

Health: 0/23       AC:  1    Str: 10    XL:     3   Next: 25%
Magic:  5/5        EV: 13    Int: 15    God:
Gold:   30         SH:  0    Dex: 12    Spells: 0 memorised, 2 levels left

rFire  . . .     SeeInvis .     a - +0 short sword
rCold  . . .     Gourm    .     (no shield)
rNeg   . . .     Faith    .     (helmet restricted)
rPois  .         Spirit   .     (no amulet)
rElec  .         Dismiss  .     (no ring)
rCorr  .         Reflect  .     (no ring)
SustAt .         Harm     .     (no ring)
MR     .....                    (no ring)
Stlth  +++.......               (no ring)
                                (no ring)
                                (no ring)
                                (no ring)

@: lethally poisoned (0 -> -13), not resistant to hostile enchantments, fairly
stealthy
A: almost no armour, amphibious, 8 rings, constrict 8, camouflage 1, gelatinous
body 1
a: no special abilities


You were on level 2 of the Dungeon.
You were not hungry.

You visited 1 branch of the dungeon, and saw 2 of its levels.

You collected 30 gold pieces.

Inventory:

Hand Weapons
 a - a +0 short sword (weapon)
 g - a +0 hunting sling
Missiles
 h - 3 stones (quivered)
 i - 14 sling bullets of flame
 l - 17 sling bullets
Wands
 b - a wand of flame (14/48)
 c - a wand of enslavement (14/24)
 d - a wand of random effects (14/48)
Scrolls
 e - a scroll of immolation
 j - a scroll of identify
 k - a scroll of enchant weapon {unknown}
Comestibles
 f - a bread ration
 m - a meat ration


   Skills:
 - Level 1.0 Fighting
 - Level 1.0 Short Blades
 * Level 1.5 Slings
 + Level 3.1 Dodging
 - Level 1.3 Stealth
 - Level 3.2 Evocations


You had 2 spell levels left.
You didn't know any spells.

Dungeon Overview and Level Annotations

Branches:
Dungeon (2/15)

Altars:

Annotations:
D:2 Terence


Innate Abilities, Weirdness & Mutations

You cannot wear most types of armour.
You are amphibious.
You can wear up to eight rings at the same time.
You can use your tentacles to constrict eight enemies at once.
Your skin changes colour to match your surroundings (Stealth).
Your rubbery body absorbs attacks (AC +1).


Message History

You closely miss the bat. You grab the bat. You squeeze the bat.
You kill the bat!
* * * LOW HITPOINT WARNING * * *
You feel sick.
* * * LOW HITPOINT WARNING * * *
You feel sick.
* * * LOW HITPOINT WARNING * * *
You feel sick.
Evoke which item? (* to show all) (? for menu, Esc to quit)
Zapping:
d - a wand of random effects (15/48)
Press: ? - help, Shift-Dir - straight line, f - adder
Aim: an adder The bolt of fire hits the adder.
You kill the adder!
You have reached level 3!
Your experience leads to an increase in your attributes!
Increase (S)trength, (I)ntelligence, or (D)exterity?
You feel clever.
This wand has 14 charges left.
You die...

#....................
#######.............
#.............#####
#.#..##............
#.#..##............
#.........l........
#######.).........†....?.
#................†..####.
#....[.........@@...#
#............########
#......<.....#
#............#
#..........###
#..........# #..........#
############


You could see a giant newt and the friendly Terence.

Vanquished Creatures
  2 adders (D:2)
  2 giant geckos (D:1)
  A goblin (D:1)
  2 hobgoblins
  A bat (D:2)
  A giant newt (D:1)
  2 kobolds (D:1)
  3 rats
14 creatures vanquished.

Notes
Turn   | Place    | Note
--------------------------------------------------------------
     0 | D:1      | M4edhros the Octopode Artificer began the quest for the Orb.
     0 | D:1      | Reached XP level 1. HP: 13/13 MP: 3/3
   333 | D:1      | Reached XP level 2. HP: 11/18 MP: 4/4
   587 | D:2      | Noticed Terence
   592 | D:2      | Reached skill level 1 in Slings
   597 | D:2      | Reached XP level 3. HP: 1/23 MP: 5/5
   597 | D:2      | Succumbed to poison (a potion of poison)

Vault maps used:
D:1:      minmay_arrival_cross, minmay_misc_feat_plants
D:2:      first_bread, uniq_terence

Action                   || total
-------------------------++-------
Melee: Short sword       ||    25
 Fire: Hunting sling     ||     2
Evoke: Wand              ||     3
  Use: Scroll            ||     2
       Potion            ||     1
 Stab: Sleeping          ||     1
